 Dungeon Crawl Stone Soup version 0.22-a0-525-gf69a080 (webtiles) character file.

8 iamserjio the Shooter (level 2, -2/14 HPs)
             Began as a Vine Stalker Wanderer on June 21, 2018.
             Slain by a gnoll (6 damage)
             ... on level 2 of the Dungeon.
             The game lasted 00:01:12 (74 turns).

iamserjio the Shooter (Vine Stalker Wanderer)         Turns: 74, Time: 00:01:12

Health: -2/14      AC:  3    Str: 14    XL:     2   Next: 8%
Magic:  0/3        EV: 11    Int: 11    God:
Gold:   13         SH:  0    Dex: 14    Spells: 1/1 levels left

rFire    . . .     SeeInvis .   d - +0 short sword
rCold    . . .     Gourm    .   (no shield)
rNeg     . . .     Faith    .   a - +0 leather armour
rPois    .         Spirit   +   (no helmet)
rElec    .         Reflect  .   (no cloak)
rCorr    .         Harm     .   (no gloves)
MR       .....                  (no boots)
Stlth    ++........             (no amulet)
HPRegen  0.04/turn              (no ring)
MPRegen  0.08/turn              (no ring)

@: no status effects
A: fangs 2, magic shield, antimagic bite, no potion heal 3, rot immunity
a: no special abilities


You were on level 2 of the Dungeon.
You were not hungry.

You visited 1 branch of the dungeon, and saw 2 of its levels.

You collected 13 gold pieces.

Inventory:

Hand Weapons
 c - a +0 spear
 d - a +0 short sword (weapon)
Missiles
 b - 4 throwing nets (quivered) {!f}
Armour
 a - a +0 leather armour (worn)
 g - a +0 plate armour
Wands
 h - a wand of random effects (32)
Potions
 e - a potion of agility {unknown}
Comestibles
 f - a ration


   Skills:
 + Level 1.3 Fighting
 - Level 1.7 Short Blades
   Level 1.7 Bows
 - Level 1.0 Throwing
 - Level 1.5 Armour
 - Level 1.0 Dodging
 - Level 1.2 Stealth
 * Level 1.2 Unarmed Combat


You had one spell level left.
You didn't know any spells.
Your spell library was empty.

Dungeon Overview and Level Annotations

Branches:
Dungeon (2/15)

Altars:


Innate Abilities, Weirdness & Mutations

You have extremely sharp teeth.
When hurt, damage is shared between your health and your magic reserves.
Your bite disrupts and absorbs the magic of your enemies.
Potions cannot restore your health.
You are immune to rotting.


Message History

An adder and a hobgoblin come into view.
You see here a plate armour.
g - a plate armour
Found a twisted wooden wand.
There is a stone staircase leading down here.
Found a scroll labeled MEOS TAONN.
You see here a wand of random effects (33).
h - a wand of random effects (33) Evoke which item? (* to show all) (? for menu, Esc to quit)
Aiming: Random Effects
Press: ? - help, Shift-Dir - straight line, f - gnoll
Aim: a gnoll The gnoll flickers and vanishes!
Deactivating autopickup; reactivate with Ctrl-A.
Something hits you.
You closely miss something.
The gnoll hits you from afar with a spear!
* * * LOW HITPOINT WARNING * * *
Something hits you!
You die...

.. g. .S #. ####. ###...
#
#####....#########.#####
?.........>.gg{@.......
##..##..#########..####
#...#.## ?# #.g># .#
#..## .# #.###..# ..
#......# # ###.##.##
#.....###


You could see 2 gnolls.

Vanquished Creatures
  An ooze (D:1)
  A bat (D:1)
  A goblin (D:1)
  A rat (D:1)
4 creatures vanquished.

Notes
Turn   | Place    | Note
-------+----------+-------------------------------------------
     0 | D:1      | iamserjio the Vine Stalker Wanderer began the quest for the Orb.
     0 | D:1      | iamserjio set off with: a +0 leather armour, 4 throwing nets {!f}, a +0 spear, a +0 short sword, a ration
     0 | D:1      | Reached XP level 1. HP: 10/10 MP: 2/2
    46 | D:1      | Reached skill level 1 in Unarmed Combat
    46 | D:1      | Reached XP level 2. HP: 13/14 MP: 3/3
    74 | D:2      | Slain by a gnoll

Vault maps used:
D:1:      elethiomel_arrival_shortcut
D:2:      ashenzari_altar_1, minmay_domino_4

Skill      XL: |  1 |
---------------+----+-----
Unarmed Combat | 1 |  1.2
Fighting       | |  1.3
Short Blades   | |  1.7
Bows           | |  1.7
Throwing       | |  1.0
Armour         | |  1.5
Dodging        | |  1.0
Stealth        | |  1.2

Action                   || total
-------------------------++-------
Melee: Short sword       ||    11
       Bite              ||     4
Evoke: Wand              ||     1
Dodge: Dodged            ||     7

Table legend:
 A = Spawn XP
 B = Non-spawn XP
 C = Spawn XP percentage of total XP
 D = Spawn monster count
 E = Non-spawn monster count
 F = Spawn count percentage of total count
 G = Total turns spent on level
                    A         B        C        D         E        F      G
               +---------+---------+-------+---------+---------+-------+---------
         Total |       0 |      12 |   0.0 |       0 |       4 |   0.0 |    74
               +---------+---------+-------+---------+---------+-------+---------
           D:1 |       0 |      12 |   0.0 |       0 |       4 |   0.0 |    53
               +---------+---------+-------+---------+---------+-------+---------
